 Dungeon Crawl Stone Soup version 0.29.1-12-g30fa7ad0bf (webtiles) character file.

Game seed: 5743299651397544829

254 H0rd4k the Insei (level 6, -8/42 HPs)
             Began as an Octopode Artificer on Dec 16, 2022.
             Mangled by an ogre
             ... wielding a +0 giant club
              (32 damage)
             ... on level 5 of the Dungeon.
             The game lasted 00:03:28 (3063 turns).

H0rd4k the Insei (Octopode Artificer)               Turns: 3063, Time: 00:03:28

Health: -8/42      AC:  1    Str: 11    XL:     6   Next: 15%
Magic:  10/10      EV: 13    Int: 16    God:
Gold:   119        SH:  0    Dex: 12    Spells: 10/10 levels left

rFire   . . .      SeeInvis .     - Unarmed
rCold   . . .      Faith    .   (no shield)
rNeg    . . .      Spirit   .   (helmet restricted)
rPois   .          Reflect  .   (no amulet)
rElec   .          Harm     .   (no ring)
rCorr   .          Rampage  .   (no ring)
Will    .....                   (no ring)
Stlth   +++.......              (no ring)
HPRegen 0.14/turn               (no ring)
MPRegen 0.12/turn               (no ring)
                                (no ring)
                                (no ring)

@: no status effects
A: almost no armour, amphibious, 8 rings, camouflage 1, gelatinous body 1,
(nimble swimmer 1), tentacles
a: no special abilities


You were on level 5 of the Dungeon.
You visited 1 branch of the dungeon, and saw 5 of its levels.

You collected 119 gold pieces.

Inventory:

Missiles
 o - 3 poisoned darts (quivered)
Jewellery
 j - an amulet of the acrobat
Wands
 b - a wand of flame (3)
 c - a wand of charming (8)
 d - a wand of iceblast (4)
Scrolls
 e - 5 scrolls of identify {unknown}
 g - a scroll of amnesia {unknown}
 h - 2 scrolls of blinking {unknown}
 i - 3 scrolls of brand weapon {unknown}
 m - a scroll of noise {unknown}
 n - 2 scrolls of enchant weapon {unknown}
 p - a scroll of poison {unknown}
 q - a scroll of fear {unknown}
 r - a scroll of immolation {unknown}
Potions
 a - 2 potions of brilliance {unknown}
 f - 3 potions of curing {unknown}
 k - 2 potions of heal wounds {unknown}
 l - a potion of might {unknown}


   Skills:
 * Level 3.1 Fighting
 - Level 2.3 Dodging
 - Level 1.3 Stealth
 + Level 3.3 Unarmed Combat
 * Level 2.9 Spellcasting
 - Level 3.2 Evocations


You had 10 spell levels left.
You didn't know any spells.
Your spell library contained the following spells:

 Spells                   Type           Power      Damage    Failure   Level
 Beastly Appendage        Tmut           4%         N/A       19%         1
 Wereblood                Tmut           2%         N/A       28%         2
 Conjure Flame            Conj/Fire      2%         6-21      50%         3
 Ignite Poison            Fire/Tmut/Pois 2%         N/A       50%         3
 Spider Form              Tmut/Pois      2%         N/A       50%         3
 Sticky Flame             Conj/Fire      2%         2d3       88%         4


Dungeon Overview and Level Annotations

Branches:
Dungeon (5/15)
 Temple: D:4-7

Altars:
Sif Muna

Annotations:
D:5 exclusion: ice beast


Innate Abilities, Weirdness & Mutations

You cannot wear most types of armour.
You are amphibious.
You can wear up to eight rings at the same time.
Your skin changes colour to match your surroundings (Stealth+).
Your rubbery body absorbs attacks. (AC +1, EV +1)
((You are camouflaged when in or above water. (Stealth+)))
You have tentacles for arms and can constrict up to eight enemies at once.


Message History

You closely miss something. Something hits you.
You closely miss something. You squeeze something. Something hits you.
You barely miss something. Your squeeze misses something. Something hits you.
You closely miss something. Your squeeze misses something.
Something barely misses you.
You closely miss something. Your squeeze misses something.
Something barely misses you.
You miss something. You squeeze something. Something hits you.
You closely miss something. Something hits you.
You closely miss something. You squeeze something!
Reactivating autopickup.
You feel a bit more experienced.
Things that are here:
a +0 dagger; a +0 robe; an orc corpse
There is a stone staircase leading down, spattered with blood here.
You climb downwards.
There is a stone staircase leading up here.
An ice beast comes into view.
Found a book of Spectacle.
Found a stone staircase leading up.
You are too injured to fight recklessly!
HP restored.
Found a stone staircase leading down.
An ogre comes into view. It is wielding a +0 giant club.
You throw a poisoned dart. The poisoned dart hits the ogre.
The ogre is poisoned.
The ogre shouts!
You throw a poisoned dart. The poisoned dart hits the ogre.
The ogre looks even sicker.
You throw a poisoned dart. The poisoned dart hits the ogre.
You barely miss the ogre.
You tentacle-slap the ogre but do no damage.
You squeeze the ogre.
The ogre is lightly wounded.
The ogre hits you with a +0 giant club!!
You barely miss the ogre.
The ogre is lightly wounded.
The ogre hits you with a +0 giant club!!
Ouch! That really hurt!
You die...

#...# #.# #####.###
#.# #.....# #.#
#.####.##########.#
.......>.......(#.#
#.####..#######(#.#
#.####..# #(#.#
#.......# #O#.#
#######.# #.@.#
#######.###########
...............
#######.#######
.... ##.### #.# #.#
. #.#


You could see an ogre (very poisoned).

Vanquished Creatures
  A scorpion (D:4)
  A hound (D:4)
  An iguana (D:4)
  Terence (D:2)
  An orc wizard (D:4)
  An adder (D:2)
  A worm (D:2)
  A dart slug (D:4)
  4 orcs (D:4)
  10 bats
  2 endoplasms
  2 giant cockroaches (D:1)
  8 hobgoblins
  2 quokkas
  5 ball pythons
  4 frilled lizards
  11 goblins
  4 kobolds (D:1)
  5 rats
65 creatures vanquished.

Vanquished Creatures (collateral kills)
  An orc (D:3)
  3 goblins (D:2)
  2 hobgoblins (D:2)
  A rat (D:2)
7 creatures vanquished.

Vanquished Creatures (others)
  An orc priest (D:3)
  Robin (D:2)
  An orc (D:3)
  An endoplasm (D:2)
  A kobold (D:2)
5 creatures vanquished.

Grand Total: 77 creatures vanquished

Notes
Turn   | Place    | Note
-------+----------+-------------------------------------------
     0 | D:1      | H0rd4k the Octopode Artificer began the quest for the Orb.
     0 | D:1      | Reached XP level 1. HP: 13/13 MP: 1/1
   193 | D:1      | Reached skill level 1 in Spellcasting
   357 | D:1      | Reached XP level 2. HP: 14/18 MP: 3/3
  1039 | D:1      | Reached XP level 3. HP: 24/24 MP: 5/5
  1500 | D:2      | Noticed Terence
  1513 | D:2      | Killed Terence
  1514 | D:2      | Reached skill level 1 in Unarmed Combat
  1581 | D:2      | Reached XP level 4. HP: 29/29 MP: 7/7
  1805 | D:2      | Noticed Robin
  1862 | D:2      | Your ally Robin died
  2175 | D:3      | Found a faded altar of an unknown god.
  2275 | D:4      | Noticed a scorpion
  2279 | D:4      | Killed a scorpion
  2280 | D:4      | Reached XP level 5. HP: 35/35 MP: 8/8
  2670 | D:4      | Reached XP level 6. HP: 42/42 MP: 10/10
  2785 | D:4      | Found a shimmering blue altar of Sif Muna.
  2815 | D:5      | Entered Level 5 of the Dungeon
  2818 | D:5      | Noticed an ice beast
  3063 | D:5      | Mangled by an ogre

Illustrated notes

Levels and vault maps discovered:
D:1:      lemuel_arrival_tunnels, layout_basic
D:2:      layout_rooms, hex_tiny, hangedman_glass_teeth, uniq_robin,
          uniq_terence
D:3:      layout_basic, gammafunk_temple_overflow_pools, serial_corexii_hall,
          corexii_hall_statues_x, corexii_hall_statues_s,
          gammafunk_ghost_mausoleum, ebering_ecumenical_altar_webs
D:4:      layout_basic, kennysheep_orc_sif_temple
D:5:      layout_basic, gammafunk_ghost_hive

Skill      XL: |  1  2  3  4  5 |
---------------+----------------+-----
Spellcasting   | 1 2 |  2.9
Fighting       | 2 3 |  3.1
Unarmed Combat | 1 2 3 |  3.3
Dodging        | |  2.3
Stealth        | |  1.3
Evocations     | |  3.2

Action                   |  1- 3 |  4- 6 || total
-------------------------+-------+-------++-------
Melee: Unarmed           |    76 |    75 ||   151
       Constrict         |    26 |    21 ||    47
       Tentacles         |    12 |    23 ||    35
       Punch             |       |     3 ||     3
Throw: Dart              |       |     3 ||     3
Evoke: Wand              |     3 |    17 ||    20
 Stab: Sleeping          |     3 |     8 ||    11
Armor: Skin              |    11 |     6 ||    17
Dodge: Dodged            |    66 |    44 ||   110
